 Dungeon Crawl Stone Soup version 0.31-a0-233-g139696dc86 (webtiles) character file.

Game seed: 8039553532674763628

38 qw the Shooter (level 3, -6/21 HPs)
             Began as a Gargoyle Hexslinger on July 7, 2023.
             Mangled by a worm (8 damage)
             ... on level 2 of the Dungeon.
             The game lasted 00:00:23 (887 turns).

qw the Shooter (Gargoyle Hexslinger)                 Turns: 887, Time: 00:00:24

Health: -6/21      AC:  8    Str: 11    XL:     3   Next: 43%
Magic:  4/4        EV: 10    Int: 13    God:
Gold:   31         SH:  0    Dex: 14    Spells: 3/4 levels left

rFire   + . .        Y - +1 sling
rCold   + . .        (no shield)
rNeg    + . .        h - +0 ring mail
rPois   inf          (no helmet)
rElec   +            e - scarf {rC+ rF+}
rCorr   .            (no gloves)
SInv    .            (no boots)
Will    .....        (no amulet)
Stlth   +            (no ring)
HPRegen 0.23/turn    (no ring)
MPRegen 0.09/turn

%: no passive effects
@: no status effects
A: sickness immunity, AC +3, negative energy resistance 1, electricity
resistance, torment resistance 1, petrification resistance
a: no special abilities


You were on level 2 of the Dungeon.
You visited 1 branch of the dungeon, and saw 2 of its levels.

You collected 31 gold pieces.


Innate Abilities, Weirdness & Mutations

You are immune to sickness and miasma.
Your stone body is resilient. (AC +3)
You are immune to poison.
You resist negative energy. (rN+)
You are resistant to electric shocks. (rElec)
You are resistant to unholy torment.
You are immune to petrification.


   Skills:
 - Level 2.0 Fighting
 + Level 3.4 Ranged Weapons
 - Level 1.5 Dodging
 - Level 1.0 Spellcasting
 - Level 2.6 Hexes


You had 3 spell levels left.
You knew the following spells:

 Your Spells              Type           Power      Damage    Failure   Level
a - Slow                  Hex            28%        N/A       22%         1

Your spell library contained the following spells:

 Spells                   Type           Power      Damage    Failure   Level
 Inner Flame              Hex/Fire       4%         N/A       75%         3
 Portal Projectile        Hex/Tloc       8%         N/A       75%         3
 Cause Fear               Hex            3%         N/A       92%         4

Inventory:

Hand Weapons
 Y - a +1 sling (weapon)
Armour
 e - a scarf of resistance (worn)
 h - a +0 ring mail (worn)
Potions
 a - a potion of might {unknown}
 g - 3 potions of curing

Dungeon Overview and Level Annotations

Branches:
Dungeon (2/15)

Altars:


Message History

Enter note: A worm comes into view.
Enter note: You shoot a sling bullet.
The sling bullet hits the worm.
The worm is moderately wounded.
You hear a shout!
A goblin comes into view. It is wielding a +0 club.
An endoplasm comes into view.
You shoot a sling bullet. The sling bullet hits the endoplasm.
The endoplasm is severely wounded.
You shoot a sling bullet.
The sling bullet barely misses the endoplasm.
The sling bullet closely misses the goblin.
The endoplasm hits you but does no damage.
You shoot a sling bullet. The sling bullet hits the endoplasm.
You kill the endoplasm!
The goblin misses you.
You shoot a sling bullet.
The sling bullet closely misses the goblin.
The goblin hits you but does no damage.
You shoot a sling bullet. The sling bullet hits the goblin.
You kill the goblin!
You shoot a sling bullet. The sling bullet hits the worm.
The worm is moderately wounded.
The worm bites you!
You shoot a sling bullet.
The sling bullet barely misses the worm.
The worm bites you.
You shoot a sling bullet. The sling bullet hits the worm.
The worm is heavily wounded.
You shoot a sling bullet. The sling bullet hits the worm.
The worm is heavily wounded.
The worm bites you!
You shoot a sling bullet.
The sling bullet barely misses the worm.
The worm bites you but does no damage.
You shoot a sling bullet. The sling bullet hits the worm.
The worm is heavily wounded.
The worm bites you!
You die...

.# # .. # # .# # # ## #.
..##.# # ....#.### ......
# #^ #...w.##...... # ..#
#@........ # ..###
###........
####..##..#####..........
..##8.8##................
....... #####.###........
...#..####....# #........
...........#### #....[...
.......##### ##(......
..##..####### .......


You could see a worm.

Vanquished Creatures
  A dart slug (D:1)
  2 endoplasms
  A giant cockroach (D:1)
  8 goblins
  5 hobgoblins (D:1)
  2 jackals (D:1)
  2 quokkas (D:1)
  2 ball pythons
  2 frilled lizards
  3 kobolds (D:1)
  2 rats (D:1)
30 creatures vanquished.

Notes
Turn   | Place    | Note
-------+----------+-------------------------------------------
     0 | D:1      | qw the Gargoyle Hexslinger began the quest for the Orb.
     0 | D:1      | Reached XP level 1. HP: 12/12 MP: 2/2
     0 | D:1      | 0 ||| qw: Version: 0.3-a-46-gb1f654a
     0 | D:1      | 0 ||| qw: Game counter: 3048
     0 | D:1      | 0 ||| qw: Melee chars always use a shield: true
     0 | D:1      | 0 ||| qw: God list: Okawaru
     0 | D:1      | 0 ||| qw: Allow faded altars: false
     0 | D:1      | 0 ||| qw: Do Orc after clearing Dungeon:15 true
     0 | D:1      | 0 ||| qw: Do second Lair branch before Depths: true
     0 | D:1      | 0 ||| qw: Lair rune preference: random
     0 | D:1      | 0 ||| qw: Goals: Normal
     0 | D:1      | 0 ||| PLANNING D:1-11
   111 | D:1      | Reached XP level 2. HP: 6/16 MP: 3/3
   246 | D:1      | Reached skill level 3 in Ranged Weapons
   550 | D:1      | Reached XP level 3. HP: 21/21 MP: 4/4
   771 | D:1      | 771 ||| UPGRADING to scarf of resistance.
   776 | D:1      | 776 ||| UPGRADING to +0 ring mail.
   786 | D:1      | 786 ||| DROPPING +0 robe.
   787 | D:1      | 787 ||| READING scroll labelled COGAPAV GIGOWN.
   788 | D:1      | 788 ||| READING scroll labelled XIOTUUKKEF.
   789 | D:1      | 789 ||| DRINKING 4 glowing clear potions.
   790 | D:1      | 790 ||| DROPPING scroll of poison.
   885 | D:2      | HP: 1/21 [worm (7)]
   887 | D:2      | Mangled by a worm

Levels and vault maps discovered:
D:1:      lightli_arrival_statue_moat, layout_loops_ring
D:2:      cheibrodos_pilgrimage, layout_rooms, basic_altar,
          shapermc_ecumenical_altar_petra

Skill      XL: |  1  2 |
---------------+-------+-----
Ranged Weapons | 3 |  3.4
Fighting       | 2 |  2.0
Dodging        | |  1.5
Spellcasting   | |  1.0
Hexes          | |  2.6

Action                     || total
---------------------------++-------
   Fire: Sling             ||   109
    Use: Scroll            ||     2
         Potion            ||     1
 Armour: Robe              ||     6
         Ring mail         ||     4
  Dodge: Dodged            ||    40

Table legend:
 A = Non-vault XP
 B = Vault XP
 C = Vault XP percentage of total XP
 D = Non-vault monster count
 E = Vault monster count
 F = Vault count percentage of total count
                 A         B        C        D         E       F
            +---------+---------+-------+---------+---------+-------
      Total |      55 |       0 |   0.0 |      30 |       0 |   0.0
            +---------+---------+-------+---------+---------+-------
        D:1 |      49 |       0 |   0.0 |      26 |       0 |   0.0
        D:2 |       6 |       0 |   0.0 |       4 |       0 |   0.0
            +---------+---------+-------+---------+---------+-------
